 Dungeon Crawl Stone Soup version 0.28-a0-1130-gc51a68064b (webtiles) character file.

Game seed: 1416748284264641120

227 Zonian the Grave Robber (level 5, -1/26 (35) HPs)
             Began as a Demonspawn Necromancer on Dec 12, 2021.
             Slain by a necrophage (6 damage)
             ... on level 3 of the Dungeon.
             The game lasted 00:06:39 (4488 turns).

Zonian the Grave Robber (Demonspawn Necromancer)    Turns: 4488, Time: 00:06:40

HP:   -1/26 (35)    AC:  4    Str:  9    XL:     5   Next: 70%
MP:   9/9           EV: 13    Int: 16    God:
Gold: 106           SH:  0    Dex: 15    Spells: 9/10 levels left

rFire   . . .      SeeInvis .   g - +1 spear (vorpal)
rCold   + . .      Faith    .   (no shield)
rNeg    . . .      Spirit   .   s - +0 leather armour {rC+}
rPois   .          Reflect  .   q - +0 hat
rElec   .          Harm     .   k - +0 cloak
rCorr   .          Rampage  .   (no gloves)
Will    .....                   (no boots)
Stlth   ++........              (no amulet)
HPRegen 0.08/turn               (no ring)
MPRegen 0.11/turn               (no ring)

@: attractive, very heavily drained
A: hooves 1, sturdy frame 1
a: no special abilities


You were on level 3 of the Dungeon.
You visited 1 branch of the dungeon, and saw 4 of its levels.

You collected 106 gold pieces.

Inventory:

Hand Weapons
 c - a +0 dagger
 g - a +1 vorpal spear (weapon)
Missiles
 h - 60 sling bullets
 n - a throwing net
Armour
 a - a +0 robe
 k - a +0 cloak (worn)
 m - a +0 ring mail
 q - a +0 hat (worn)
 s - a +0 leather armour of cold resistance (worn)
Jewellery
 r - a ring of fire
Wands
 o - a wand of iceblast (6)
Scrolls
 e - 3 scrolls of teleportation {unknown}
 i - 2 scrolls of identify {unknown}
 j - a scroll of torment {unknown}
 l - a scroll of amnesia {unknown}
Potions
 d - a potion of heal wounds {unknown}
 f - a potion of haste {unknown}


   Skills:
 + Level 3.1 Dodging
 + Level 3.2 Stealth
 + Level 3.2 Spellcasting
 + Level 5.4 Necromancy


You had 9 spell levels left.
You knew the following spells:

 Your Spells              Type           Power      Damage    Failure   Level
a - Pain                  Necr           76%        1d7       2%          1

Your spell library contained the following spells:

 Spells                   Type           Power      Damage    Failure   Level
 Animate Skeleton         Necr           38%        N/A       2%          1
 Vampiric Draining        Necr           19%        2d7       6%          3
 Magic Dart               Conj           8%         1d3       21%         1
 Sting                    Tmut/Pois      8%         1d3       21%         1
 Animate Dead             Necr           9%         N/A       22%         4
 Call Imp                 Summ           2%         N/A       30%         2
 Mephitic Cloud           Conj/Pois/Air  2%         N/A       52%         3
 Agony                    Necr           19%        N/A       52%         5


Dungeon Overview and Level Annotations

Branches:
Dungeon (4/15)
 Temple: D:4-7

Altars:

Shops:
D:3 (

Annotations:
D:3 1 runed translucent door, Crazy Yiuf


Innate Abilities, Weirdness & Mutations

You have large cloven feet.
Your movements are slightly less encumbered by armour. (ER -2)


Message History

Unknown command.
You closely miss the necrophage.
The necrophage is severely damaged.
The necrophage hits you.
You feel drained.
Unknown command.
It was a potion of attraction.
You feel attractive to monsters. The necrophage barely misses you.
It was a potion of curing.
You feel better.
The necrophage hits you but does no damage.
You closely miss the necrophage.
You kick the necrophage, but do no damage.
The necrophage is severely damaged.
The necrophage completely misses you.
You closely miss the necrophage.
The necrophage is severely damaged.
The necrophage misses you.
You closely miss the necrophage. Your kick misses the necrophage.
The necrophage is severely damaged.
The necrophage barely misses you.
You barely miss the necrophage.
The necrophage is severely damaged.
The necrophage hits you.
You hit the necrophage.
You kick the necrophage, but do no damage.
The necrophage is severely damaged.
The necrophage hits you.
You feel drained.
You hit the necrophage but do no damage.
You kick the necrophage.
The necrophage is almost destroyed.
The necrophage hits you!
You hit the necrophage.
The necrophage is almost destroyed.
The necrophage hits you.
* * * LOW HITPOINT WARNING * * *
You hit the necrophage but do no damage.
You kick the necrophage.
The necrophage is almost destroyed.
The necrophage hits you.
You die...

# ####..<######...##
# #................#
#
#...........#....####
#
#...................#
#
####....######.#.##.#
# #....# #...#.##.# #
##....# #.###.##.# #
#.....####n###.##.#
###
#..........@...##.#
..#
#>.............##.#
..#
##...####...#.###.#
..#####.### #...#.#
#.### ...).....#
#.###.# #...#
..#####.)#####.# #.#
###.# )<# #...<....#
#.# #.# ###
##.####..###.# #.#
#..# #......#####.#


You could see a necrophage.

Vanquished Creatures
  A vampire bat (D:3)
  Ijyb (D:3)
  3 adders
  A worm (D:2)
  3 fire bats (D:3)
  4 orcs (D:3)
  2 spectral bats (D:3)
  2 ball pythons (D:2)
  3 bat skeletons (D:3)
  A bat zombie (D:3)
  5 endoplasms
  A giant cockroach (D:1)
  3 goblins
  4 hobgoblins
  8 kobolds
  16 bats
  A bat simulacrum (D:3)
  6 rats
65 creatures vanquished.

Notes
Turn   | Place    | Note
-------+----------+-------------------------------------------
     0 | D:1      | Zonian the Demonspawn Necromancer began the quest for the
                  | Orb.
     0 | D:1      | Reached XP level 1. HP: 13/13 MP: 3/3
   782 | D:1      | Gained mutation: Your movements are slightly less
                  | encumbered by armour. (ER -2) [demonic ancestry]
   782 | D:1      | Reached XP level 2. HP: 16/19 MP: 1/5
  1010 | D:1      | Found a faded altar of an unknown god.
  1013 | D:1      | Got Plato's Compendium of Poisoning
  1743 | D:2      | Reached XP level 3. HP: 24/24 MP: 6/6
  3016 | D:3      | Reached XP level 4. HP: 24/30 MP: 1/7
  3200 | D:3      | Found a runed translucent door.
  3201 | D:3      | Noticed Crazy Yiuf
  3290 | D:3      | Found Zeucucem's Weapon Shop.
  3631 | D:3      | Noticed Ijyb
  3640 | D:3      | Killed Ijyb
  3641 | D:3      | Reached skill level 5 in Necromancy
  4088 | D:3      | Gained mutation: You have large cloven feet. [demonic
                  | ancestry]
  4088 | D:3      | Reached XP level 5. HP: 30/35 MP: 9/9
  4459 | D:4      | Noticed a necrophage
  4488 | D:3      | Slain by a necrophage

Illustrated notes

Levels and vault maps discovered:
D:1:      mrwooster_arrival_arrow, layout_rooms,
          shapermc_ecumenical_altar_rom_forum
D:2:      layout_loops_ring, nicolae_elevator_lobby_asterisk
D:3:      layout_loops_ring, serial_shops, nicolae_shop_stone, goddamned_bats,
          uniq_ijyb, uniq_crazy_yiuf_cottage
D:4:      minmay_bubble_buster, layout_loops_ring, mainiacjoe_overflow_chevrons,
          gammafunk_ghost_split, uniq_menkaure, uniq_robin

Skill      XL: |  1  2  3  4  5 |
---------------+----------------+-----
Stealth        | 2 3 |  3.2
Dodging        | 2 3 |  3.1
Necromancy     | 5 |  5.4
Spellcasting   | 3 |  3.2

Action                   |  1- 3 |  4- 6 || total
-------------------------+-------+-------++-------
Melee: Dagger            |     2 |       ||     2
       Unarmed           |     2 |       ||     2
       Spear             |    87 |    84 ||   171
       Kick              |       |    12 ||    12
 Cast: Pain              |    29 |    18 ||    47
  Use: Potion            |       |     2 ||     2
 Stab: Sleeping          |     4 |     7 ||    11
Armor: Robe              |    25 |     1 ||    26
       Leather armour    |       |    39 ||    39
       Ring mail         |       |     2 ||     2
Dodge: Dodged            |    81 |    90 ||   171

Table legend: (Time is in decaauts)
 A = Elapsed time spent in this place.
 B = Non-inter-level travel time spent in this place.
 C = Inter-level travel time spent in this place.
 D = Time resting spent in this place.
 E = Time spent auto-exploring this place.
 F = Levels seen in this place.
 G = Mean time per level.
                   A        B        C        D        E       F      G
               +--------+--------+--------+--------+--------+-----+--------+
         Total |   4503 |   4391 |    112 |   1115 |   2635 |   4 | 1125.8 |
       Dungeon |   4503 |   4391 |    112 |   1115 |   2635 |   4 | 1125.8 |
               +--------+--------+--------+--------+--------+-----+--------+

Top non-repeatable levels by time:
     D:3: 1727 daAuts
     D:2: 1388 daAuts
     D:1: 1377 daAuts
     D:4: 10 daAuts
